AoeStats
← TheQuietRiot

Arena

506499925Analyzed
1v1 RM · 19d ago on Sep 13, 2026· 36m 12s· 2 players
Game mode
Random Map
Map size
Tiny (2 player)
Population
200
Speed
Normal
Resources
Standard
Victory
Conquest
Starting age
Dark Age
Ending age
Imperial Age
RankedLock teamsTeams togetherTeam positionsShared explorationLock speedFull tech treeHidden civsTurbo modeCheats
Victory
Defeat
🇬🇧 Teutons · United Kingdom
937
+15
🇺🇸 Vietnamese · United States
917
-15
ZingerWhip
10:13 Feudal Age
11:30 Double-Bit Axe
11:28 Horse Collar
19:28 Castle Age
17:39 Fletching
18:46 Loom
19:37 Padded Archer Armor
19:30 Crossbowman
20:44 Bow Saw
20:38 Heavy Plow
20:38 Bodkin Arrow
23:06 Thumb Ring
26:07 Ballistics
25:50 Pikeman
26:33 Scale Mail Armor
27:09 Forging
30:34 Chain Mail Armor
30:55 Iron Casting
31:57 Leather Archer Armor
33:13 Squires
33:29 Bloodlines
33:02 Light Cavalry
33:44 Husbandry
36:35 Wheelbarrow
TheQuietRiot
0:51 Loom
10:13 Feudal Age
10:23 Loom
10:56 Double-Bit Axe
11:17 Horse Collar
17:36 Castle Age
16:56 Stone Mining
16:58 Gold Mining
19:01 Forging
21:21 Scale Barding Armor
22:22 Bloodlines
25:36 Wheelbarrow
27:17 Iron Casting
27:04 Chain Barding Armor
27:40 Heavy Plow
28:59 Bow Saw
30:35 Hand Cart
30:25 Elite Skirmisher
33:58 Imperial Age
31:16 Town Watch
33:27 Ballistics
34:14 Stone Shaft Mining
35:44 Chemistry
Connection lost

Rejoining the realm…

Still unreachable

The connection could not be restored.

Session expired

The server has moved on; the page needs a fresh start.